[Event "Titled Tuesday Blitz May 17 Late 2022"]
[White "Bettalli, Francesco"]
[Black "Domingo Nunez, Alejandro"]
[WhiteFideId "2816453"]
[BlackFideId "22245561"]
[WhiteElo "2216"]
[BlackElo "2215"]
[Result "0-1"]
[Round "09"]
[TimeControl "180+1"]
[Date "2022.05.17"]
[WhiteClock "0:00:04"]
[BlackClock "0:00:05"]

1. d4 g6 2. e4 Bg7 3. Nc3 c6 4. h3 d5 5. e5 f6 6. f4 fxe5 7. dxe5 Nh6 8. g4 g5 9. Nf3 gxf4 10. Bxf4 O-O 11. Qd2 Nf7 12. O-O-O Be6 13. Bd3 Nd7 14. Rdf1 Ndxe5 15. Bxe5 Nxe5 16. Bxh7+ Kxh7 17. Ng5+ Kg8 18. Nxe6 Rxf1+ 19. Rxf1 Qd6 20. Nxg7 Kxg7 21. Qg5+ Ng6 22. h4 Qe5 23. Rf5 Qe1+ 24. Nd1 Qxh4 25. Qe3 Rf8 26. Rxf8 Kxf8 27. Qf3+ Kg7 28. Qf5 Qh6+ 29. g5 Qh4 30. Qd7 Qxg5+ 31. Kb1 Qd2 32. Qg4 Qf4 33. Qd7 Qd4 34. Kc1 Qf4+ 35. Kb1 Qf1 36. Kc1 Kf6 37. Qxb7 Ne5 38. b3 Qf4+ 39. Kb1 Qd4 40. Kc1 Qc5 41. Qa6 Ke6 42. Qc8+ Kd6 43. Qa6 Qd4 44. c3 Qf4+ 45. Kc2 Qe4+ 46. Kc1 Nd3+ 47. Kd2 Nc5 48. Qxa7 Qd3+ 49. Kc1 Qe2 50. Qb8+ Kd7 51. Qa7+ Kd6 52. Qb8+ Ke6 53. Qg8+ Kd7 54. Qg1 Nd3+ 55. Kb1 Qd2 56. Qa7+ Kd6 57. Qb8+ Kd7 58. Qa7+ Ke8 59. a4 Qxd1+ 60. Ka2 Qc2+ 61. Ka3 Qb2# 0-1


[Site "https://www.chess.com"]

[Event "Titled Tuesday Blitz May 17 Late 2022"]
[White "Chen, Justin"]
[Black "Schekachikhin, Maksim"]
[WhiteFideId "2098199"]
[BlackFideId "24177830"]
[WhiteElo "2492"]
[BlackElo "2239"]
[Result "1-0"]
[Round "09"]
[TimeControl "180+1"]
[Date "2022.05.17"]
[WhiteClock "0:00:03"]
[BlackClock "0:01:19"]

1. d4 Nf6 2. Bf4 b6 3. e3 Bb7 4. Nf3 g6 5. h3 Bg7 6. Be2 d6 7. O-O O-O 8. a4 a6 9. c4 Nbd7 10. a5 Re8 11. Bh2 Ne4 12. Nbd2 Nxd2 13. Qxd2 e5 14. dxe5 dxe5 15. Rfd1 Nc5 16. Qxd8 Raxd8 17. b4 Nd7 18. b5 axb5 19. a6 Ba8 20. cxb5 Bxf3 21. gxf3 Nc5 22. Rxd8 Rxd8 23. Rd1 Ra8 24. f4 e4 25. f5 c6 26. bxc6 Nxa6 27. c7 Nxc7 28. Bxc7 gxf5 29. Bxb6 Be5 30. Bd4 Bc7 31. Rc1 Bd6 32. Rc6 Rd8 33. Kg2 Kf8 34. Bc4 Ke8 35. Ra6 Be7 36. Bb5+ Kf8 37. Bc6 f4 38. Ra8 fxe3 39. Rxd8+ Bxd8 40. fxe3 f5 41. Bd7 f4 42. exf4 Bc7 43. Be5 Bb6 44. Bf5 e3 45. Kf3 h6 46. Bc3 Kf7 47. Be1 Kf6 48. Bd3 Ke6 49. Bc3 Kd5 50. Bb2 Bc5 51. Bc1 Kd4 52. Bxe3+ 1-0


[Site "https://www.chess.com"]

[Event "Titled Tuesday Blitz May 17 Late 2022"]
[White "Chigaev, Maksim"]
[Black "Ostrovskiy, Aleksandr"]
[WhiteFideId "4108116"]
[BlackFideId "2034239"]
[WhiteElo "2457"]
[BlackElo "2340"]
[Result "0-1"]
[Round "09"]
[TimeControl "180+1"]
[Date "2022.05.17"]
[WhiteClock "0:00:03"]
[BlackClock "0:00:41"]

1. Nf3 g6 2. d4 Bg7 3. c4 e6 4. h4 h6 5. e4 Ne7 6. Nc3 d5 7. e5 Nbc6 8. cxd5 exd5 9. h5 g5 10. Be2 f6 11. exf6 Bxf6 12. Be3 O-O 13. Rc1 a6 14. a3 Be6 15. Nh2 Nf5 16. Ng4 Bg7 17. Na4 Nxe3 18. Nxe3 Nxd4 19. Nc5 Bf7 20. O-O b6 21. Nd3 c5 22. Bg4 Ra7 23. f4 Re7 24. Nf5 Nxf5 25. Bxf5 Bxh5 26. Qxh5 Rxf5 27. Rce1 Ref7 28. Re6 gxf4 29. Qf3 Bd4+ 30. Kh2 Qh4+ 31. Qh3 Rh5 32. Re8+ Kh7 0-1


[Site "https://www.chess.com"]

[Event "Titled Tuesday Blitz May 17 Late 2022"]
[White "Donchenko, Alexander"]
[Black "Dubov, Daniil"]
[WhiteFideId "24603295"]
[BlackFideId "24126055"]
[WhiteElo "2572"]
[BlackElo "2791"]
[Result "1/2-1/2"]
[Round "09"]
[TimeControl "180+1"]
[Date "2022.05.17"]
[WhiteClock "0:00:22"]
[BlackClock "0:00:19"]

1. Nf3 g6 2. g3 b6 3. Bg2 Bb7 4. O-O Bg7 5. d4 Nf6 6. c4 O-O 7. d5 Na6 8. Nc3 Nc5 9. Nd4 e5 10. Nb3 d6 11. Nxc5 bxc5 12. e4 Bc8 13. Rb1 a5 14. a3 Ng4 15. h3 Nh6 16. b4 axb4 17. axb4 cxb4 18. Rxb4 f5 19. c5 f4 20. g4 Nf7 21. c6 h5 22. f3 Bf6 23. Bd2 Bh4 24. Ne2 Ng5 25. Be1 Bxe1 26. Qxe1 hxg4 27. hxg4 Kg7 28. Qb1 Rh8 29. Rb8 Rxb8 30. Qxb8 Ba6 31. Qxd8 Rxd8 32. Rf2 Rb8 33. Bf1 Rb1 34. Kg2 Ra1 35. Ng1 Bc8 36. Nh3 Kf6 37. Nxg5 Kxg5 38. Rb2 Ra8 39. Kg1 Kf6 40. Kf2 Kg5 41. Kg1 Kf6 42. Bh3 Kg5 43. Bf1 1/2-1/2


[Site "https://www.chess.com"]

[Event "Titled Tuesday Blitz May 17 Late 2022"]
[White "Gabrielian, Artur"]
[Black "Bluebaum, Matthias"]
[WhiteFideId "4131002"]
[BlackFideId "24651516"]
[WhiteElo "2440"]
[BlackElo "2556"]
[Result "0-1"]
[Round "09"]
[TimeControl "180+1"]
[Date "2022.05.17"]
[WhiteClock "0:00:07"]
[BlackClock "0:00:10"]

1. e4 c6 2. d4 d5 3. e5 Bf5 4. h4 h5 5. Bd3 Bxd3 6. Qxd3 Qa5+ 7. Nd2 e6 8. Nf3 Nh6 9. O-O Nf5 10. a4 Be7 11. Nb3 Qa6 12. Qd1 Nd7 13. g3 c5 14. dxc5 Nxc5 15. Nbd4 Nxd4 16. Nxd4 Ne4 17. Be3 Qc4 18. c3 a6 19. a5 Rc8 20. Kg2 Qc7 21. Nf3 Bc5 22. Bd4 Bxd4 23. cxd4 O-O 24. Ng5 Nxg5 25. hxg5 g6 26. g4 hxg4 27. Qxg4 Qc2 28. Ra3 Kg7 29. Rf3 Rh8 30. Qf4 Qf5 31. Qxf5 gxf5 32. Rc3 Rxc3 33. bxc3 Rc8 34. Rc1 Kg6 35. f4 Rc6 36. Kf3 b6 37. axb6 Rxb6 38. Ra1 Rb3 39. Rxa6 Rxc3+ 40. Ke2 Kh5 41. Ra7 Kg4 42. Rxf7 Kxf4 43. g6 Rg3 44. Rf6 Ke4 45. Rxe6 Kxd4 46. Kf2 f4 47. Re8 Rxg6 48. e6 Ke4 49. e7 Rg7 50. Ke2 d4 51. Kd2 f3 52. Ke1 Ke3 53. Kf1 d3 0-1


[Site "https://www.chess.com"]

[Event "Titled Tuesday Blitz May 17 Late 2022"]
[White "Grischuk, Alexander"]
[Black "Martinez Alcantara, Jose Eduardo"]
[WhiteFideId "4126025"]
[BlackFideId "3805662"]
[WhiteElo "2762"]
[BlackElo "2690"]
[Result "1-0"]
[Round "09"]
[TimeControl "180+1"]
[Date "2022.05.17"]
[WhiteClock "0:00:22"]
[BlackClock "0:00:08"]

1. d4 Nf6 2. c4 e6 3. Nf3 Bb4+ 4. Nbd2 b6 5. a3 Bxd2+ 6. Qxd2 Bb7 7. e3 d5 8. b3 Nbd7 9. Bb2 O-O 10. Be2 dxc4 11. bxc4 c5 12. O-O cxd4 13. exd4 Qc7 14. Rfc1 Rac8 15. h3 Rfd8 16. Qe3 Nf8 17. a4 Ng6 18. Bf1 Re8 19. a5 h6 20. axb6 axb6 21. Ra3 Qb8 22. Rb3 Qc7 23. Ba1 Rb8 24. Rcb1 Be4 25. Re1 Ra8 26. Qc3 Ra4 27. Ne5 Ne7 28. Ng4 Nxg4 29. hxg4 Bg6 30. d5 f6 31. Rxe6 Nc8 32. Rxe8+ Bxe8 33. Ra3 Nd6 34. Rxa4 Bxa4 35. Qb4 Bd7 36. Bd4 Nc8 37. c5 bxc5 38. Bxc5 Bxg4 39. d6 Qd7 40. Bb5 Qe6 41. d7 Qd5 42. dxc8=Q+ Bxc8 43. Bc4 1-0


[Site "https://www.chess.com"]

[Event "Titled Tuesday Blitz May 17 Late 2022"]
[White "Gurevich, Dmitry"]
[Black "Abdyzhapar, Asylbek"]
[WhiteFideId "2000407"]
[BlackFideId "13800337"]
[WhiteElo "2506"]
[BlackElo "2331"]
[Result "1-0"]
[Round "09"]
[TimeControl "180+1"]
[Date "2022.05.17"]
[WhiteClock "0:00:06"]
[BlackClock "0:01:08"]

1. d4 d5 2. c4 c6 3. e3 Nf6 4. Nc3 Bf5 5. cxd5 cxd5 6. Qb3 Nc6 7. Qxb7 Bd7 8. Qb3 Rb8 9. Qd1 e5 10. Nf3 e4 11. Ne5 Bd6 12. Nxd7 Qxd7 13. Be2 O-O 14. h3 Bc7 15. a3 a5 16. Nb5 Bd8 17. Bd2 h5 18. Rc1 h4 19. Qa4 Ne7 20. Bxa5 Ra8 21. b4 Nf5 22. O-O Nd6 23. Rc2 Bxa5 24. bxa5 Rfb8 25. Rb1 Nfe8 26. Rb4 Nc4 27. Bxc4 dxc4 28. Rcxc4 Ra6 29. Nc3 Qxa4 30. Nxa4 Rba8 31. Nc5 Rxa5 32. Ra4 Nd6 33. Rxa5 Rxa5 34. Ra4 Rb5 35. Ra6 Rb1+ 36. Kh2 Nc4 37. Nxe4 g6 38. g4 f5 39. gxf5 gxf5 40. Ng5 Nd2 41. Kg2 Rb2 42. Ra7 Kf8 43. a4 Ke8 44. a5 Ra2 45. a6 Nc4 46. Kf3 Nd6 47. Kf4 Rxf2+ 48. Ke5 Nc4+ 49. Ke6 Kd8 50. Nf7+ Kc8 51. Nd6+ Kb8 52. Rb7+ Ka8 53. Nxc4 Ra2 54. Rb6 Ka7 55. Rc6 Rh2 56. Kxf5 Rxh3 57. Kg4 Rh1 58. d5 h3 59. Kg3 Rd1 60. e4 Rd3+ 61. Kh2 Rd4 62. Nd6 Rd3 63. Nb5+ Kb8 64. a7+ Kb7 65. Rc7+ Kb6 66. a8=Q Rd2+ 67. Kxh3 Rd3+ 68. Kg4 Kxb5 69. Kf4 Rb3 70. Ke5 Rb4 71. Qb8+ Ka4 72. Ra7+ Kb3 73. Qxb4+ Kxb4 74. Rc7 Kb5 75. d6 Kb6 76. Rc1 Kb7 77. d7 Kb6 78. d8=Q+ 1-0


[Site "https://www.chess.com"]

[Event "Titled Tuesday Blitz May 17 Late 2022"]
[White "Holt, Conrad"]
[Black "Gallo Garcia, Kemel Antonio"]
[WhiteFideId "2034387"]
[BlackFideId "3523896"]
[WhiteElo "2586"]
[BlackElo "2359"]
[Result "1-0"]
[Round "09"]
[TimeControl "180+1"]
[Date "2022.05.17"]
[WhiteClock "0:01:08"]
[BlackClock "0:00:35"]

1. d4 Nf6 2. c4 g6 3. Nc3 d5 4. e3 Bg7 5. Qb3 dxc4 6. Bxc4 O-O 7. Nf3 c5 8. O-O cxd4 9. Nxd4 Nc6 10. Nxc6 bxc6 11. e4 Qa5 12. Bf4 g5 13. Bd2 Qe5 14. Qc2 h5 15. Kh1 Ng4 16. g3 Qc5 17. Nd1 Be6 18. Rc1 Bxc4 19. Qxc4 Qxc4 20. Rxc4 Rfd8 21. Rc2 Bf6 22. h3 Ne5 23. f4 gxf4 24. gxf4 Nc4 25. Bc1 Nb6 26. e5 Bh4 27. Ne3 Rd3 28. Nf5 e6 29. Nxh4 1-0


[Site "https://www.chess.com"]

[Event "Titled Tuesday Blitz May 17 Late 2022"]
[White "Indjic, Aleksandar"]
[Black "Vasquez Schroeder, Rodrigo"]
[WhiteFideId "911925"]
[BlackFideId "3400042"]
[WhiteElo "2616"]
[BlackElo "2567"]
[Result "1-0"]
[Round "09"]
[TimeControl "180+1"]
[Date "2022.05.17"]
[WhiteClock "0:00:54"]
[BlackClock "0:01:24"]

1. e3 c5 2. Nf3 Nf6 3. a3 b6 4. b4 Bb7 5. bxc5 bxc5 6. c4 e6 7. Nc3 Nc6 8. Rb1 Rb8 9. Be2 Be7 10. O-O O-O 11. Bb2 Ba8 12. Qc2 d6 13. h3 h6 14. d4 cxd4 15. exd4 Na5 16. Nd2 a6 17. Ba1 Qc7 18. Rxb8 Rxb8 19. Rb1 Rxb1+ 20. Qxb1 e5 21. d5 Nb7 22. Na4 Nd7 23. Bc3 Nbc5 24. Qb4 Nxa4 25. Qxa4 Bb7 26. Ba5 Nb6 27. Qb4 Bd8 28. Ne4 Nxd5 29. Bxc7 Nxb4 30. Bxd8 1-0


[Site "https://www.chess.com"]

[Event "Titled Tuesday Blitz May 17 Late 2022"]
[White "Jobava, Baadur"]
[Black "Jones, Gawain C B"]
[WhiteFideId "13601520"]
[BlackFideId "409561"]
[WhiteElo "2617"]
[BlackElo "2657"]
[Result "1-0"]
[Round "09"]
[TimeControl "180+1"]
[Date "2022.05.17"]
[WhiteClock "0:00:49"]
[BlackClock "0:00:02"]

1. b3 g6 2. Bb2 Nf6 3. c4 Bg7 4. g3 O-O 5. Bg2 c5 6. Nf3 Nc6 7. O-O d5 8. cxd5 Qxd5 9. Nc3 Qh5 10. Rc1 Bh3 11. e3 Ng4 12. Na4 Bxb2 13. Rxc5 Nge5 14. Nxe5 Bxg2 15. Nxc6 Qh3 16. Nxe7+ Kh8 17. Nxb2 Rfe8 18. Nd5 g5 19. Nd3 Bxf1 20. Qxf1 Qxf1+ 21. Kxf1 Rac8 22. Ke2 b6 23. Rxc8 Rxc8 24. Nc3 Kg7 25. Nb4 f5 26. Nbd5 Kf7 27. d4 Ke6 28. Kd3 Kd6 29. a4 Re8 30. b4 Re6 31. h4 gxh4 32. gxh4 Rh6 33. Nf4 Rxh4 34. Nb5+ Kd7 35. Nxa7 Rh2 36. Ke2 Rh1 37. Nb5 Ra1 38. Nc3 Kc6 39. Kf3 Ra3 40. Nfe2 Ra1 41. Kf4 Rf1 42. f3 h5 43. Ng3 Rc1 44. Nce2 Rc4 45. b5+ Kd7 46. Nxh5 Rxa4 47. Kxf5 Rb4 48. Nc3 Rb3 49. Nf6+ Kc8 50. Nfd5 Kb7 51. e4 Rb2 52. e5 Rd2 53. Ke4 Rh2 54. f4 Rh1 55. e6 Re1+ 56. Ne3 Rh1 57. f5 Rh8 58. Ke5 Rc8 59. Ncd5 Rc1 60. e7 Rc8 61. f6 Rh8 62. Ke6 1-0


[Site "https://www.chess.com"]

[Event "Titled Tuesday Blitz May 17 Late 2022"]
[White "Kamsky, Gata"]
[Black "Sadhwani, Raunak"]
[WhiteFideId "2000024"]
[BlackFideId "35093487"]
[WhiteElo "2645"]
[BlackElo "2616"]
[Result "0-1"]
[Round "09"]
[TimeControl "180+1"]
[Date "2022.05.17"]
[WhiteClock "0:00:09"]
[BlackClock "0:01:37"]

1. e4 e5 2. Nf3 Nc6 3. Bb5 Nge7 4. O-O Ng6 5. c3 a6 6. Bc4 Be7 7. d4 d6 8. h3 O-O 9. Be3 Kh8 10. Bd5 f5 11. exf5 Bxf5 12. Bxc6 bxc6 13. dxe5 Qd7 14. Kh2 Rad8 15. Re1 Qc8 16. Nbd2 dxe5 17. Qa4 e4 18. Nxe4 Bxh3 19. Neg5 Bg4 20. Qxc6 Bd6+ 21. Kg1 h6 22. Ne4 Rxf3 0-1


[Site "https://www.chess.com"]

[Event "Titled Tuesday Blitz May 17 Late 2022"]
[White "Kobo, Ori"]
[Black "Vypkhaniuk, Ihor"]
[WhiteFideId "2812320"]
[BlackFideId "14112256"]
[WhiteElo "2420"]
[BlackElo "2346"]
[Result "1-0"]
[Round "09"]
[TimeControl "180+1"]
[Date "2022.05.17"]
[WhiteClock "0:00:37"]
[BlackClock "0:00:01"]

1. d4 Nf6 2. c4 c5 3. d5 b5 4. Nf3 g6 5. Qc2 b4 6. e4 d6 7. a3 a5 8. Bd3 Bg7 9. O-O O-O 10. axb4 cxb4 11. Nbd2 Nfd7 12. Nb3 a4 13. Nbd4 Nc5 14. Be3 Bg4 15. Be2 Bd7 16. h4 Nba6 17. h5 e6 18. h6 Bh8 19. dxe6 fxe6 20. Rad1 Qc7 21. Nb5 Bxb5 22. cxb5 Nb8 23. e5 b3 24. Qc4 Nbd7 25. Rxd6 Nxe5 26. Qxc5 Qxc5 27. Bxc5 Ng4 28. Ba3 Nxh6 29. Bc4 Nf5 30. Rxe6 Rfc8 31. Bd5 Rab8 32. b6 Kg7 33. b7 Rd8 34. Be4 Kf7 35. Ng5+ Kg8 36. Ra6 Be5 37. Rxa4 1-0


[Site "https://www.chess.com"]

[Event "Titled Tuesday Blitz May 17 Late 2022"]
[White "Kruckenhauser, Arthur"]
[Black "Zakhartsov, Vladimir"]
[WhiteFideId "1642812"]
[BlackFideId "4145097"]
[WhiteElo "2243"]
[BlackElo "2428"]
[Result "1/2-1/2"]
[Round "09"]
[TimeControl "180+1"]
[Date "2022.05.17"]
[WhiteClock "0:00:05"]
[BlackClock "0:00:03"]

1. e4 c6 2. c4 d5 3. exd5 cxd5 4. d4 Nf6 5. Nc3 g6 6. cxd5 Bg7 7. Qb3 O-O 8. a4 e6 9. dxe6 Bxe6 10. Qxb7 Nbd7 11. Nf3 Re8 12. Be2 Rb8 13. Qa6 Nd5 14. O-O Nb4 15. Qd6 Nb6 16. Qxd8 Rexd8 17. Bg5 Rd7 18. Ne4 Nc2 19. Rad1 Nxa4 20. Nf6+ Bxf6 21. Bxf6 Bb3 22. Rc1 Rb6 23. Be5 f6 24. Bg3 Nxb2 25. Rb1 Bd5 26. Rfc1 Bxf3 27. Bxf3 Nxd4 28. Rc8+ Kg7 29. Ba8 Nc4 30. Re1 Ne2+ 31. Kh1 Nxg3+ 32. hxg3 Nd6 33. Rc5 Nf5 34. Bd5 Rbd6 35. Bf3 Nd4 36. Ra5 Nxf3 37. gxf3 Rd1 38. Rxd1 Rxd1+ 39. Kg2 Rd7 40. f4 h5 41. Kf3 Kh6 42. Ra6 Kg7 43. Kg2 Kf7 44. Kf3 Re7 45. Kg2 Kg7 46. Kf3 Rf7 47. Kg2 g5 48. fxg5 fxg5 49. Kg1 Re7 50. Kg2 Rb7 51. Kf3 Rf7+ 52. Kg2 Kh7 53. Kg1 Kg8 54. Rg6+ Rg7 55. Ra6 h4 56. gxh4 gxh4+ 57. Kh2 Rh7 58. Kh3 Kf8 59. f4 Ke8 60. f5 Kd8 61. Re6 Kd7 62. Ra6 Kc8 63. f6 Kd8 64. Re6 Kd7 65. Ra6 Ke8 66. Re6+ Kf8 67. Ra6 Rb7 68. Kxh4 Kf7 69. Kg5 Rb5+ 70. Kf4 Rb6 71. Rxa7+ Kxf6 72. Ra5 1/2-1/2


[Site "https://www.chess.com"]

[Event "Titled Tuesday Blitz May 17 Late 2022"]
[White "Lamaze, Simon"]
[Black "Bok, Benjamin"]
[WhiteFideId "36069264"]
[BlackFideId "1017063"]
[WhiteElo "1999"]
[BlackElo "2658"]
[Result "0-1"]
[Round "09"]
[TimeControl "180+1"]
[Date "2022.05.17"]
[WhiteClock "0:00:54"]
[BlackClock "0:00:51"]

1. d4 d5 2. c4 c6 3. cxd5 cxd5 4. Bf4 Nf6 5. Nc3 Nc6 6. e3 Bf5 7. Nf3 e6 8. Be2 Be7 9. Qb3 Qb6 10. Qxb6 axb6 11. O-O O-O 12. Nh4 Bg4 13. f3 Bh5 14. g4 Bg6 15. Nxg6 hxg6 16. Rfc1 Rfc8 17. Kf2 Kf8 18. h4 Ne8 19. Bg3 Bd6 20. f4 Bb4 21. h5 gxh5 22. gxh5 Nf6 23. h6 gxh6 24. Rh1 Bxc3 25. bxc3 Ne4+ 26. Kf3 Ne7 27. Bd3 Nxg3 28. Kxg3 Rxc3 29. Bb5 Rxe3+ 30. Kf2 Nf5 31. a4 Re4 32. Rhc1 Rxf4+ 33. Kg2 Ke7 34. Rc7+ Kf6 0-1


[Site "https://www.chess.com"]

[Event "Titled Tuesday Blitz May 17 Late 2022"]
[White "Lin, Dachey"]
[Black "Karttunen, Mika"]
[WhiteFideId "2029650"]
[BlackFideId "502081"]
[WhiteElo "2313"]
[BlackElo "2343"]
[Result "0-1"]
[Round "09"]
[TimeControl "180+1"]
[Date "2022.05.17"]
[WhiteClock "0:01:15"]
[BlackClock "0:01:15"]

1. g4 d5 2. Bg2 c6 3. g5 h6 4. h4 hxg5 5. hxg5 Rxh1 6. Bxh1 e5 7. d4 e4 8. f3 exf3 9. Nxf3 Bf5 10. c4 Bb4+ 11. Nc3 Ne7 12. cxd5 Nxd5 13. Bd2 Nxc3 14. bxc3 Bd6 15. Qb3 Bg3+ 16. Kf1 Qc7 17. c4 Nd7 18. Qe3+ Kf8 19. Bb4+ Kg8 20. Rd1 Nb6 21. Ba5 Nxc4 22. Qc3 Nxa5 23. d5 Re8 24. d6 Bxd6 25. Rxd6 Qxd6 26. Qxa5 Qd1+ 27. Qe1 Qxe1+ 28. Kxe1 Be4 29. Kd2 Bxf3 30. Bxf3 Re5 0-1


[Site "https://www.chess.com"]

[Event "Titled Tuesday Blitz May 17 Late 2022"]
[White "Martic, Ivan"]
[Black "Mekhitarian, Krikor Sevag"]
[WhiteFideId "929301"]
[BlackFideId "2107660"]
[WhiteElo "2317"]
[BlackElo "2598"]
[Result "0-1"]
[Round "09"]
[TimeControl "180+1"]
[Date "2022.05.17"]
[WhiteClock "0:00:09"]
[BlackClock "0:00:20"]

1. e4 e5 2. Nf3 Nf6 3. Nxe5 d6 4. Nf3 Nxe4 5. Nc3 Nxc3 6. dxc3 Be7 7. Be3 O-O 8. Qd2 Nd7 9. O-O-O Nf6 10. Bd3 c5 11. h3 Be6 12. Ng5 Bxa2 13. c4 b5 14. cxb5 a6 15. b6 Qxb6 16. Qc3 h6 17. h4 a5 18. Qa3 Bd5 19. Bf5 Qb4 20. c3 Qxa3 21. bxa3 g6 22. Bc2 hxg5 23. hxg5 Bxg2 24. gxf6 Bxf6 25. Rh2 Bf3 26. Rxd6 Be5 27. Rh3 Bg2 28. Rg3 Bxd6 29. Rxg2 a4 30. Bxg6 fxg6 31. Rxg6+ Kf7 32. Rxd6 Rfc8 33. c4 Rab8 34. Rd5 Rb3 35. Bxc5 Rc3+ 36. Kd2 Rxc4 37. Bb4 Rc2+ 38. Ke3 Re8+ 39. Kf3 Re6 40. Rd7+ Kg6 41. Kg3 Kf5 42. Ra7 Ke4 43. Rxa4 Rg6+ 44. Kh3 Kf3 45. Be7 Rc1 46. Kh2 Rg2+ 47. Kh3 Rh1# 0-1


[Site "https://www.chess.com"]

[Event "Titled Tuesday Blitz May 17 Late 2022"]
[White "Martinez Reyes, Pedro Ramon"]
[Black "D`Arruda, Ricardo D."]
[WhiteFideId "3901807"]
[BlackFideId "100692"]
[WhiteElo "2410"]
[BlackElo "2488"]
[Result "1-0"]
[Round "09"]
[TimeControl "180+1"]
[Date "2022.05.17"]
[WhiteClock "0:01:55"]
[BlackClock "0:00:09"]

1. Nf3 d5 2. g3 Nf6 3. Bg2 g6 4. O-O Bg7 5. d4 O-O 6. a4 c6 7. a5 Nbd7 8. Nbd2 Qc7 9. c4 e5 10. dxe5 Nxe5 11. Nxe5 Qxe5 12. Nf3 Qe7 13. Bf4 a6 14. Qa4 Qxe2 15. Bd6 Re8 16. c5 Ne4 17. Bf4 Qb5 18. Qd1 Qxb2 19. Rb1 Nc3 20. Qd3 Nxb1 21. Rxb1 Bf5 22. Rxb2 Bxd3 23. Rxb7 Bf6 24. h4 Re7 25. Rb6 Bb5 26. Bd6 Ree8 27. Bh3 Bc3 28. Bd7 Bxa5 29. Bxe8 Rxe8 30. Rb7 Bc3 31. Ng5 h6 32. Nxf7 Bg7 33. Bf4 a5 34. Nd6 a4 35. Nxe8 1-0


[Site "https://www.chess.com"]

[Event "Titled Tuesday Blitz May 17 Late 2022"]
[White "Matinian, Nikita"]
[Black "Proudian, Armen"]
[WhiteFideId "24129100"]
[BlackFideId "2130734"]
[WhiteElo "2422"]
[BlackElo "2380"]
[Result "0-1"]
[Round "09"]
[TimeControl "180+1"]
[Date "2022.05.17"]
[WhiteClock "0:00:11"]
[BlackClock "0:01:24"]

1. e4 e5 2. Nf3 Nc6 3. Bb5 a6 4. Ba4 Nf6 5. O-O Be7 6. Re1 b5 7. Bb3 O-O 8. a4 b4 9. d3 d6 10. a5 Be6 11. Nbd2 Rb8 12. Nc4 Nd7 13. Be3 Qc8 14. Ba4 Bxc4 15. dxc4 Nd8 16. Bxd7 Qxd7 17. Nxe5 Qe6 18. Nf3 Qxc4 19. b3 Qc6 20. Nd4 Qd7 21. Nf5 Bf6 22. Bd4 Bxd4 23. Qxd4 Ne6 24. Qd3 Rb5 25. Qg3 g6 26. Rad1 Rxa5 27. Rd5 Ra2 28. Ne3 Qe7 29. h4 Ng7 30. h5 Qxe4 31. h6 Ne6 32. Rd2 Re8 33. f3 Qf4 34. Qh3 Ng5 35. Qd7 Nxf3+ 36. gxf3 Qg3+ 37. Kf1 Qxf3+ 38. Rf2 Qh3+ 39. Kg1 Qxd7 0-1


[Site "https://www.chess.com"]

[Event "Titled Tuesday Blitz May 17 Late 2022"]
[White "Mikhailov, Viacheslav"]
[Black "Oparin, Grigoriy"]
[WhiteFideId "4187369"]
[BlackFideId "24125890"]
[WhiteElo "2381"]
[BlackElo "2665"]
[Result "1/2-1/2"]
[Round "09"]
[TimeControl "180+1"]
[Date "2022.05.17"]
[WhiteClock "0:00:06"]
[BlackClock "0:01:17"]

1. Nf3 g6 2. g3 Bg7 3. Bg2 c5 4. d4 cxd4 5. Nxd4 Nc6 6. c3 Nf6 7. O-O O-O 8. Na3 d5 9. Bf4 Re8 10. Nxc6 bxc6 11. Be5 Bf5 12. Nc2 Qd7 13. Nd4 Be4 14. Qa4 Bxg2 15. Kxg2 c5 16. Qxd7 Nxd7 17. Bxg7 Kxg7 18. Nb5 Rec8 19. b3 a6 20. Na3 Nb6 21. Rad1 e6 22. c4 d4 23. Nc2 a5 24. e3 e5 25. f4 f6 26. fxe5 fxe5 27. exd4 exd4 28. Ne1 a4 29. Nd3 axb3 30. axb3 Ra3 31. Rb1 Nxc4 32. bxc4 Rxd3 33. Rb7+ Kh6 34. Rff7 Rd2+ 35. Kh3 Rh8 36. Rbc7 d3 37. Rfd7 Rf8 38. Kg4 Rh8 39. h4 Rc2 40. Rxc5 d2 41. Rcc7 Ra2 42. c5 Rc2 43. c6 Rc4+ 44. Kh3 g5 45. Rxd2 gxh4 46. gxh4 Rg8 47. Rd6+ Rg6 48. Rxg6+ Kxg6 49. Rc8 Kh5 50. c7 Rxh4+ 51. Kg3 Rc4 52. Kf3 Kh4 53. Ke3 h5 54. Kd3 Rc1 55. Kd4 Kh3 56. Kd5 h4 57. Kd6 Rd1+ 58. Kc6 Rc1+ 59. Kd6 Rd1+ 60. Kc6 Rc1+ 61. Kd6 1/2-1/2


[Site "https://www.chess.com"]

[Event "Titled Tuesday Blitz May 17 Late 2022"]
[White "Motylev, Alexander"]
[Black "Santos Ruiz, Miguel"]
[WhiteFideId "4121830"]
[BlackFideId "22291482"]
[WhiteElo "2470"]
[BlackElo "2486"]
[Result "1-0"]
[Round "09"]
[TimeControl "180+1"]
[Date "2022.05.17"]
[WhiteClock "0:00:20"]
[BlackClock "0:00:06"]

1. d4 Nf6 2. c4 e6 3. Nc3 Bb4 4. e3 d5 5. cxd5 exd5 6. Bd3 O-O 7. a3 Bd6 8. Qc2 c6 9. Nge2 Re8 10. Bd2 Nbd7 11. f3 b5 12. O-O Bb7 13. e4 dxe4 14. fxe4 c5 15. Nxb5 Nxe4 16. Nxd6 Nxd6 17. dxc5 Ne4 18. Be3 Ndf6 19. h3 Qd5 20. Bc4 Qc6 21. Nd4 Qxc5 22. Nf5 Qc6 23. Rac1 Rac8 24. Qb3 Qd7 25. Bb5 Bc6 26. Rxc6 Rxc6 27. Qa4 Rb8 28. Bxc6 Qd3 29. Qd4 Qc2 30. Rc1 Qxb2 31. Qxb2 Rxb2 32. Bxe4 1-0


[Site "https://www.chess.com"]

[Event "Titled Tuesday Blitz May 17 Late 2022"]
[White "Ohanyan, Emin"]
[Black "Tologon tegin, Semetei"]
[WhiteFideId "13312022"]
[BlackFideId "13800574"]
[WhiteElo "1927"]
[BlackElo "2258"]
[Result "1-0"]
[Round "09"]
[TimeControl "180+1"]
[Date "2022.05.17"]
[WhiteClock "0:00:09"]
[BlackClock "0:00:20"]

1. e4 e5 2. Nc3 Nc6 3. Bc4 Nf6 4. d3 Na5 5. Bb3 Nxb3 6. axb3 Bc5 7. f4 d6 8. Nf3 a6 9. Qe2 O-O 10. fxe5 dxe5 11. Nxe5 Re8 12. Nf3 Bg4 13. Be3 Bxf3 14. Qxf3 Bxe3 15. Qxe3 Ng4 16. Qg3 f5 17. O-O Qd4+ 18. Kh1 Ne3 19. Rf2 fxe4 20. Nxe4 Qxb2 21. Rg1 Nd5 22. c4 Qd4 23. cxd5 Kh8 24. Rf7 Rg8 25. Rxc7 Qxd5 26. h3 Qxb3 27. Nd6 Raf8 28. Rxb7 Qd5 29. d4 Rf6 30. Rb6 Rd8 31. Rb7 Rg6 32. Qe5 Qxd6 33. Re1 Qc6 34. Rb2 h6 35. Kh2 Rg5 36. Qf4 Qd5 37. Rd2 Kh7 38. Rc1 Rd6 39. Rc5 Qe6 40. Rxg5 hxg5 41. Qxg5 Rd5 42. Qh4+ Kg8 43. Rc2 Qd6+ 44. Kh1 Rxd4 45. Rc8+ Kf7 46. Qf2+ Kg6 47. Qc2+ Kf6 48. Qf2+ Kg6 49. Qc2+ Kf6 50. Qb2 Qe5 51. Rc6+ Kf7 52. Qa2+ Ke7 53. Rc1 Qd5 54. Qa3+ Qd6 55. Qe3+ Kd7 56. Qf3 Rd3 57. Qb7+ Ke8 58. Rc8+ Qd8 59. Rxd8+ Rxd8 60. Qxa6 Kf7 61. Qb7+ Kg8 62. Qf3 Rf8 63. Qg3 Rf6 64. Kh2 Kf7 65. Qe5 Rg6 66. Qd5+ Re6 67. g4 Ke7 68. Kg3 Rd6 69. Qe5+ Re6 70. Qxg7+ Kd6 71. Qf7 Re7 72. Qxe7+ Kxe7 73. Kf4 Kf6 74. h4 Kg6 75. h5+ Kh6 76. Kf5 Kh7 77. g5 Kh8 78. Kg6 Kg8 79. Kh6 Kh8 80. g6 Kg8 81. g7 Kf7 82. Kh7 1-0


[Site "https://www.chess.com"]

[Event "Titled Tuesday Blitz May 17 Late 2022"]
[White "Paravyan, David"]
[Black "Rozovsky, Daniel"]
[WhiteFideId "4194985"]
[BlackFideId "2020904"]
[WhiteElo "2569"]
[BlackElo "2648"]
[Result "1-0"]
[Round "09"]
[TimeControl "180+1"]
[Date "2022.05.17"]
[WhiteClock "0:01:33"]
[BlackClock "0:00:12"]

1. e4 e5 2. Nf3 Nc6 3. Nc3 Nf6 4. d4 exd4 5. Nxd4 d6 6. Be2 Bd7 7. O-O Be7 8. Re1 O-O 9. Nxc6 Bxc6 10. Bc4 a6 11. a4 Nd7 12. Bf4 Ne5 13. Bb3 b5 14. Nd5 Kh8 15. axb5 axb5 16. Rxa8 Bxa8 17. Qh5 Bxd5 18. Bxd5 c6 19. Bb3 Ng6 20. Bg3 Bf6 21. Rd1 Be5 22. c3 Qf6 23. Qf5 Qxf5 24. exf5 Nf4 25. Bxf4 Bxf4 26. g3 Bg5 27. Rxd6 Bc1 28. Bxf7 Rc8 29. Be6 Rb8 30. b4 g6 31. f6 Rf8 32. Bb3 Bg5 33. f7 Kg7 34. Rxc6 Bf6 35. Kg2 Rd8 36. h4 Be5 37. Rc5 Bf6 38. Rc7 Be5 39. Re7 Bd6 40. Re8 Rd7 41. Rg8+ Kh6 42. f8=Q+ Bxf8 43. Rxf8 Rd3 44. Rf3 Rd7 45. c4 Kh5 46. cxb5 h6 47. Rf7 Rd6 48. Rf6 Rd3 49. Rf5+ gxf5 50. Bf7+ Kg4 51. f3+ Rxf3 52. Bh5+ Kxh5 53. Kxf3 f4 54. b6 1-0


[Site "https://www.chess.com"]